Map: Orbital Shipyard

Players

Miszu - Winner!

  • Race: Terran Terran
  • League: Master

Grey

  • Race: Terran Terran
  • League: Master

VOD

Have the link to the VOD?

Description

Time

  • Played on: March 15, 2016, 6:13 p.m.
  • Length: 10:02
Show
View Real Time Build Order
Export as new Build Order

Miszu Terran - Winner!

Build Orders:  

Get SALT Encoding   

  12  0:01  SCV  
  13  0:13  SCV  
  14  0:18  Supply Depot  
  14  0:25  SCV  
  15  0:40  SCV  
  15  0:41  Barracks  
  16  0:45  Refinery  
  16  0:52  SCV  
  17  1:04  SCV  
  18  1:17  SCV  
  19  1:29  Orbital Command  
  19  1:31  Barracks Reactor  
  19  1:44  Command Center  
  19  1:52  Supply Depot  
  19  1:54  SCV  
  20  2:06  SCV  
  20  2:07  Marine  
  20  2:08  Marine  
  23  2:18  SCV  
  22  2:25  Marine x2  
  22  2:28  Factory  
  24  2:32  SCV  
  24  2:33  Refinery  
  26  2:44  Marine x2, SCV  
  28  2:56  SCV  
  29  3:04  Marine  
  29  3:05  Marine  
  31  3:07  Orbital Command  
  31  3:08  SCV  
  32  3:14  Starport, Factory Tech Lab  
  32  3:20  SCV  
  32  3:22  Marine x2  
  35  3:32  Widow Mine, SCV  
  38  3:34  SCV  
  38  3:38  Supply Depot  
  39  3:44  SCV  
  39  3:46  SCV  
  39  3:48  Marine x2  
  42  3:51  Medivac  
  45  3:56  SCV  
  45  4:00  SCV  
  45  4:01  Supply Depot  
  47  4:09  SCV  
  48  4:11  Siege Tank  
  48  4:12  SCV  
  52  4:18  Supply Depot  
  52  4:21  SCV  
  53  4:24  SCV  
  53  4:26  Viking  
  53  4:30  Supply Depot  
  56  4:32  Marine  
  56  4:33  Marine, SCV  
  56  4:36  SCV  
  57  4:49  SCV  
  58  4:53  SCV  
  59  5:12  SCV  
  57  5:16  Marine x2  
  57  5:18  Siege Tank  
  57  5:19  SCV  
  62  5:26  SCV  
  63  5:30  Supply Depot  
  63  5:31  Command Center, SCV  
  63  5:34  Marine x2  
  63  5:44  Viking, SCV  
  63  5:45  SCV  
  63  5:47  Refinery x2  
  64  5:50  Siege Tank  
  64  5:51  Marine  
  64  5:52  Barracks x2  
  64  5:56  SCV  
  69  5:57  SCV  
  70  6:08  SCV  
  70  6:09  SCV  
  72  6:13  Marine x2  
  72  6:17  Starport Reactor  
  74  6:21  SCV x2  
  74  6:25  Engineering Bay x2  
  76  6:28  Barracks  
  76  6:30  Marine, Barracks  
  76  6:31  Marine, Siege Tank  
  81  6:33  SCV x2  
  83  6:44  Barracks Tech Lab x2  
  83  6:45  SCV, Orbital Command  
  83  6:47  SCV  
  83  6:48  Marine  
  83  6:51  Terran Infantry Weapons Level 1, Terran Infantry Armor Level 1  
  85  6:55  Medivac  
  85  6:57  SCV  
  85  6:59  SCV  
  89  7:05  Marine x2  
  89  7:07  Stimpack  
  91  7:09  SCV  
  91  7:11  SCV  
  91  7:15  Combat Shields  
  93  7:19  Supply Depot  
  93  7:20  Supply Depot  
  93  7:21  SCV  
  94  7:23  SCV  
  95  7:33  SCV  
  96  7:40  Orbital Command  
  93  7:49  Marine x5  
  93  7:50  Marine  
  98  7:52  Siege Tank  
  98  7:53  Medivac x2  
  105  8:00  Supply Depot x2  
  105  8:03  SCV x2  
  107  8:05  SCV  
  107  8:07  Marine x4  
  114  8:14  Refinery  
  114  8:15  SCV x2  
  114  8:17  Barracks Reactor x2  
  114  8:18  SCV  
  114  8:19  Refinery  
  115  8:23  Medivac  
  115  8:25  Marine x2, Reaper, Missile Turret  
  120  8:27  SCV x2, Missile Turret  
  120  8:29  Missile Turret  
  120  8:30  SCV  
  120  8:31  Missile Turret x2  
  123  8:34  Missile Turret  
  123  8:35  Marine  
  123  8:39  Medivac  
  126  8:42  Marine  
  126  8:43  Marine  
  128  8:53  Marine  
  128  8:57  Marine  
  128  8:58  Marine  
  128  8:59  Marine x3, Siege Tank  
  128  9:00  Marine  
  128  9:01  Marine  
  132  9:10  Marine  
  133  9:30  Command Center  
  133  9:31  Supply Depot  
  133  9:32  Supply Depot  
Show
View Real Time Build Order
Export as new Build Order

Grey Terran 

Build Orders: Reaper Expand, MMM Bio 

Get SALT Encoding   

  12  0:01  SCV  
  13  0:13  SCV  
  14  0:17  Supply Depot  
  14  0:25  SCV  
  15  0:39  SCV  
  15  0:40  Barracks  
  16  0:44  Refinery  
  16  0:51  SCV  
  17  1:03  SCV  
  18  1:15  SCV  
  19  1:28  Reaper  
  19  1:29  Orbital Command  
  20  1:45  Command Center  
  20  1:55  SCV  
  21  2:06  Supply Depot  
  21  2:07  Factory  
  21  2:10  SCV  
  21  2:12  Marine  
  23  2:18  Refinery  
  23  2:22  SCV  
  22  2:31  Marine  
  22  2:34  SCV  
  24  2:46  SCV  
  24  2:49  Marine  
  24  2:50  Starport  
  24  2:51  Factory Tech Lab  
  26  2:56  Orbital Command  
  26  2:58  SCV  
  27  3:06  Marine  
  27  3:10  Widow Mine  
  27  3:11  SCV  
  31  3:23  SCV x2  
  31  3:24  Marine  
  30  3:27  Medivac  
  36  3:35  SCV x2  
  38  3:42  Marine  
  38  3:47  Command Center  
  39  3:49  SCV  
  39  3:52  SCV  
  41  3:57  Cyclone  
  45  4:02  Barracks Reactor  
  45  4:08  Supply Depot  
  44  4:10  Viking  
  46  4:19  Supply Depot  
  46  4:22  Refinery  
  46  4:23  Refinery  
  46  4:28  Barracks  
  46  4:30  SCV  
  47  4:31  SCV  
  46  4:49  SCV  
  43  4:53  Marine x2  
  43  4:54  Medivac, Siege Tank  
  43  4:55  SCV  
  51  5:01  SCV x2  
  51  5:07  SCV  
  51  5:11  Marine x2  
  49  5:14  SCV x2  
  49  5:19  SCV  
  48  5:26  SCV x2  
  48  5:29  Marine x2  
  48  5:30  Siege Tank  
  48  5:31  SCV  
  51  5:38  SCV  
  48  5:43  SCV  
  48  5:47  Marine  
  48  5:49  Orbital Command  
  48  5:50  Marine  
  48  5:55  Medivac  
  48  5:56  SCV  
  52  6:02  SCV  
  53  6:07  Orbital Command  
  53  6:08  SCV  
  53  6:09  Marine x2  
  56  6:14  Supply Depot, SCV  
  57  6:20  SCV  
  57  6:21  Barracks Tech Lab  
  58  6:26  Barracks  
  58  6:28  SCV  
  58  6:29  Marine x2  
  58  6:32  SCV  
  62  6:34  SCV  
  62  6:37  Supply Depot  
  63  6:40  SCV  
  63  6:44  SCV  
  65  6:47  Marine x2  
  65  6:50  SCV  
  65  6:51  Siege Tank  
  65  6:52  Starport Reactor, SCV  
  65  6:53  Stimpack  
  72  6:56  SCV  
  72  7:00  Barracks  
  73  7:02  SCV  
  73  7:05  Engineering Bay, Marine, SCV  
  76  7:09  SCV  
  76  7:14  SCV  
  78  7:21  Marine  
  80  7:24  Barracks Tech Lab, SCV  
  78  7:37  SCV  
  78  7:39  Marine x2  
  78  7:40  Medivac x2, Siege Tank  
  87  7:44  SCV x2  
  87  7:50  Combat Shields  
  76  7:52  Terran Infantry Weapons Level 1  
  76  7:56  Barracks, SCV  
  76  7:57  Barracks  
  77  7:59  Barracks, SCV  
  77  8:04  Marine x2  
  80  8:06  Barracks Reactor  
  80  8:08  SCV  
  80  8:12  Marine, Siege Tank  
  85  8:14  SCV  
  85  8:15  Marine, SCV  
  85  8:18  Supply Depot  
  88  8:20  SCV  
  88  8:22  Marine x2  
  88  8:23  Supply Depot  
  88  8:26  Viking  
  93  8:39  Supply Depot  
  93  8:40  Viking, Marine x3, SCV, Engineering Bay  
  99  8:43  Marine  
  99  8:44  Barracks  
  99  8:45  Barracks  
  99  8:47  Barracks, SCV  
  99  8:49  Marine x2  
  99  8:52  SCV  
  99  8:53  SCV  
  96  8:58  Marine x3  
  96  9:01  Marine  
  75  9:07  Marine x2  
  66  9:15  Marine x2  
  57  9:19  Marine  
Tags
 
Composition
MMM Bio
Matchup
TvT
Race
Terran
Add a new tag
Caveats
  • Supply blocks, unpowered buildings, or Contaminate may cause inaccurate times.
  • Supply counts are checked every 10 seconds.